 Dungeon Crawl Stone Soup version 0.20-a0-522-g0b37eee (webtiles) character file.

402 kae the Slasher (level 6, 0/50 HPs)
             Began as a Barachian Fighter on Jan 25, 2017.
             Succumbed to Dowan's poison
             ... on level 4 of the Dungeon.
             The game lasted 00:04:16 (3465 turns).

kae the Slasher (Barachian Fighter)                 Turns: 3465, Time: 00:04:17

Health: 0/50       AC:  8    Str: 13 (16) XL:     6   Next: 85%
Magic:  6/6        EV:  6    Int:  6      God:
Gold:   242        SH:  8    Dex: 11      Spells: 5/5 levels left

rFire    . . .     SeeInvis .   a - +0 long sword
rCold    . . .     Gourm    .   b - +0 scale mail
rNeg     . . .     Faith    .   c - +0 shield
rPois    .         Spirit   .   (no helmet)
rElec    .         Reflect  .   (no cloak)
rCorr    .         Harm     .   (no gloves)
MR       .....                  (no boots)
Stlth    ..........             (no amulet)
Regen    0.2/turn               (no ring)
                                (no ring)

@: lethally poisoned (0 -> -3), slow
A: swims, shaggy fur 1, slowness 1, strong legs 1
a: Hop


You were on level 4 of the Dungeon.
You were not hungry.

You visited 1 branch of the dungeon, and saw 4 of its levels.

You collected 242 gold pieces.

Inventory:

Hand Weapons
 a - a +0 long sword (weapon)
Armour
 b - a +0 scale mail (worn)
 c - a +0 shield (worn)
Jewellery
 h - an uncursed ring of wizardry {unknown}
Scrolls
 e - a scroll of remove curse
 i - a scroll of teleportation
 j - 2 scrolls of identify
 k - a scroll of enchant armour {unknown}
Potions
 d - a potion of might
 m - a potion of mutation
Comestibles
 f - 2 bread rations


   Skills:
 + Level 4.8 Fighting
 * Level 5.6 Long Blades
 + Level 5.1 Armour
 - Level 3.0 Shields


You had 5 spell levels left.
You didn't know any spells.

Dungeon Overview and Level Annotations

Branches:
Dungeon (4/15)
 Temple: D:4-7

Altars:

Annotations:
D:2 1 runed door


Innate Abilities, Weirdness & Mutations

You can swim through water.
You cover ground slowly.
You can hop short distances.
You are covered in fur. (AC +1)


Message History

You feel sick.
There is a lethal amount of poison in your body!
There is a lethal amount of poison in your body!
There is a lethal amount of poison in your body!
There is a lethal amount of poison in your body!
* * * LOW HITPOINT WARNING * * *
You feel sick.
Things that are here:
a dagger of venom; a robe
* * * LOW HITPOINT WARNING * * *
You feel sick.
* * * LOW HITPOINT WARNING * * *
You feel sick.
* * * LOW HITPOINT WARNING * * *
You feel sick.
* * * LOW HITPOINT WARNING * * *
You feel sick.
* * * LOW HITPOINT WARNING * * *
You feel sick.
You die...

#.#.#.########
########.#....#......
#......(...#..#.#####
#.######.#.#..#.#....
#.# ยง#.#.#..#.#.###
#.# .#.#.#..#.# ..
#.# .#.#.#..#.# ###
#.####.#.#.#..#.#
#..)@).#.#....#.#
########.####.#.#
.....>........#.#
########.######.#
#........# #.########
###


There were no monsters in sight!

Vanquished Creatures
  Duvessa (D:4)
  An ogre (D:4)
  Dowan (D:4)
  2 orc wizards (D:3)
  4 adders
  A worm (D:2)
  A dart slug (D:2)
  4 leopard geckos
  8 orcs
  6 giant cockroaches
  6 goblins
  9 hobgoblins
  7 jackals (D:3)
  5 bats
  8 frilled lizards
  7 kobolds
  3 rats
74 creatures vanquished.

Notes
Turn   | Place    | Note
-------+----------+-------------------------------------------
     0 | D:1      | kae the Barachian Fighter began the quest for the Orb.
     0 | D:1      | Reached XP level 1. HP: 18/18 MP: 1/1
   253 | D:1      | Reached XP level 2. HP: 19/24 MP: 2/2
   678 | D:2      | Reached XP level 3. HP: 29/29 MP: 3/3
  1247 | D:2      | Reached XP level 4. HP: 35/37 MP: 4/4
  1327 | D:2      | Found a runed door.
  1817 | D:3      | Reached XP level 5. HP: 7/42 MP: 5/5
  2897 | D:3      | Gained mutation: You are covered in fur. (AC +1) [potion of beneficial mutation]
  3281 | D:4      | Noticed an ogre
  3294 | D:4      | Killed an ogre
  3294 | D:4      | Reached skill level 5 in Long Blades
  3294 | D:4      | Reached XP level 6. HP: 49/49 MP: 6/6
  3436 | D:4      | Noticed Duvessa
  3436 | D:4      | Noticed Dowan
  3449 | D:4      | Killed Dowan
  3453 | D:4      | Killed Duvessa
  3453 | D:4      | Reached skill level 5 in Armour
  3459 | D:4      | HP: 2/50 [poisoned by Dowan]
  3465 | D:4      | Succumbed to Dowan's poison

Vault maps used:
D:1:      dpeg_arrival_rhombi, minmay_distorted
D:2:      uniq_crazy_yiuf_cottage
D:4:      uniq_duvessa

Skill      XL: |  1  2  3  4  5  6 |
---------------+-------------------+-----
Long Blades    | 3 4 5 |  5.6
Fighting       | 4 |  4.8
Armour         | 4 5 |  5.1
Shields        | |  3.0

Action                   |  1- 3 |  4- 6 || total
-------------------------+-------+-------++-------
Melee: Long sword        |   135 |   200 ||   335
 Abil: Hop               |     1 |     4 ||     5
  Use: Potion            |     1 |     8 ||     9
       Scroll            |       |     4 ||     4
  Eat: Chunk             |     2 |     8 ||    10
Armor: Scale mail        |    84 |    98 ||   182
Dodge: Dodged            |    47 |    52 ||    99
Block: Shield            |    83 |    85 ||   168
       Rpst.: Long sword |    19 |    14 ||    33
